 Dungeon Crawl Stone Soup version 0.29-a0-563-g64e4043184 (webtiles) character file.

Game seed: 12854025627372322959

32 xSliceyx the Covered (level 3, 0/31 HPs)
             Began as a Minotaur Fighter on June 11, 2022.
             Succumbed to a goblin's poison
             ... on level 1 of the Dungeon.
             The game lasted 00:04:05 (569 turns).

xSliceyx the Covered (Minotaur Fighter)              Turns: 569, Time: 00:04:06

Health: 0/31       AC:  7    Str: 22    XL:     3   Next: 10%
Magic:  2/2        EV:  9    Int:  5    God:
Gold:   62         SH:  4    Dex:  9    Spells: 2/2 levels left

rFire   + . .      SeeInvis .   a - +0 trident
rCold   . . .      Faith    .   c - +0 buckler
rNeg    . . .      Spirit   .   b - +0 scale mail
rPois   .          Reflect  .   (helmet restricted)
rElec   .          Harm     .   (no cloak)
rCorr   .          Rampage  .   (no gloves)
Will    .....                   (no boots)
Stlth   ..........              (no amulet)
HPRegen 0.10/turn               j - ring of protection from fire
MPRegen 0.08/turn               (no ring)

@: lethally poisoned (0 -> -13)
A: horns 2, retaliatory headbutt
a: no special abilities


You were on level 1 of the Dungeon.
You visited 1 branch of the dungeon, and saw 1 of its levels.

You collected 62 gold pieces.

Inventory:

Hand Weapons
 a - a +0 trident (weapon)
Missiles
 e - 6 poisoned darts (quivered)
Armour
 b - a +0 scale mail (worn)
 c - a +0 buckler (worn)
 h - a +0 chain mail
Jewellery
 j - a ring of protection from fire (left hand)
Scrolls
 f - a scroll of fear {unknown}
 g - a scroll of fog {unknown}
 i - a scroll of identify {unknown}
 k - a scroll of teleportation {unknown}
 l - a scroll of noise {unknown}
Potions
 d - a potion of might


   Skills:
 - Level 3.6 Fighting
 - Level 2.4 Polearms
 * Level 4.9 Armour
 - Level 4.0 Shields


You had 2 spell levels left.
You didn't know any spells.
Your spell library was empty.

Dungeon Overview and Level Annotations

Branches:
Dungeon (1/15)

Altars:


Innate Abilities, Weirdness & Mutations

You have a pair of horns on your head.
You reflexively headbutt those who attack you in melee.


Message History

A frilled lizard and a goblin come into view.
The goblin is wielding a +1 dagger of venom.
The goblin shouts!
Found three items.
A quokka comes into view.
There is an open door here.
You reach to attack!
You miss the quokka.
The quokka bites you but does no damage.
You barely miss the quokka. You headbutt the quokka.
The quokka is heavily wounded.
The quokka bites you.
You hit the quokka.
You kill the quokka!
You closely miss the goblin.
The goblin hits you with a +1 dagger of venom.
You are poisoned.
You barely miss the goblin.
You feel very sick.
The goblin hits you with a +1 dagger of venom.
You are lethally poisoned!
The goblin closely misses you.
You closely miss the goblin.
You feel very sick. The goblin hits you but does no damage.
You are more poisoned.
You are too injured to fight recklessly!
You are too injured to fight recklessly!
You are too injured to fight recklessly!
Okay, then.
You hit the goblin.
You kill the goblin!
* * * LOW HITPOINT WARNING * * *
You feel very sick.
You closely miss the frilled lizard.
You headbutt the frilled lizard, but do no damage.
* * * LOW HITPOINT WARNING * * *
You feel very sick. You block the frilled lizard's attack.
You barely miss the frilled lizard.
You die...

#.###.##)# #......
#........#######....## .#
#####...............##
.#..........#.####.......
.#...####........#....###
#.#...## #.#.##.#.#....#
###.+....###.#.##.#.#.####
.................#.#.#
##...######@...####.#.#
#...##....l#.#........#
#..#.#...?.#.#.######.#
#.#..#....?#..........#
#.#..#.$...#.##########
###.#..#.....#.....#
#...#..#######.###.###
###.#.#.#.....#........#
#...#.##.....#..########


You could see a frilled lizard.

Vanquished Creatures
  A dart slug (D:1)
  2 ball pythons (D:1)
  2 bats (D:1)
  2 endoplasms (D:1)
  3 giant cockroaches (D:1)
  3 goblins (D:1)
  3 hobgoblins (D:1)
  2 quokkas (D:1)
  3 kobolds (D:1)
  5 rats (D:1)
26 creatures vanquished.

Notes
Turn   | Place    | Note
-------+----------+-------------------------------------------
     0 | D:1      | xSliceyx the Minotaur Fighter began the quest for the Orb.
     0 | D:1      | Reached XP level 1. HP: 19/19 MP: 0/0
    57 | D:1      | Reached XP level 2. HP: 25/26 MP: 1/1
   296 | D:1      | Found a faded altar of an unknown god.
   535 | D:1      | Reached XP level 3. HP: 31/31 MP: 2/2
   569 | D:1      | Succumbed to a goblin's poison

Illustrated notes

Levels and vault maps discovered:
D:1:      mrwooster_arrival_statue_3, layout_basic,
          hellmonk_ecumenical_altar_lost_god, minmay_3d_cube

Skill      XL: |  1  2 |
---------------+-------+-----
Armour         | 4 |  4.9
Shields        | 4 |  4.0
Fighting       | |  3.6
Polearms       | |  2.4

Action                   || total
-------------------------++-------
Melee: Trident           ||    77
       Headbutt          ||     3
Armor: Scale mail        ||    28
Dodge: Dodged            ||    13
Block: Buckler           ||    15

Table legend: (Time is in decaauts)
 A = Elapsed time spent in this place.
 B = Non-inter-level travel time spent in this place.
 C = Inter-level travel time spent in this place.
 D = Time resting spent in this place.
 E = Time spent auto-exploring this place.
 F = Levels seen in this place.
 G = Mean time per level.
                   A        B        C        D        E       F      G
               +--------+--------+--------+--------+--------+-----+--------+
         Total |    585 |    563 |     22 |      0 |    392 |   1 |  585.0 |
       Dungeon |    585 |    563 |     22 |      0 |    392 |   1 |  585.0 |
               +--------+--------+--------+--------+--------+-----+--------+

Top non-repeatable levels by time:
     D:1: 585 daAuts
